 Dungeon Crawl Stone Soup version 0.17-a0-2231-gd80ca38 (webtiles) character file.

795 HaroldButt the Carver (level 8, -5/58 HPs)
             Began as a Formicid Fighter on Oct 29, 2015.
             Killed by divine providence
             ... invoked by an orc priest
              (15 damage)
             ... on level 3 of the Dungeon.
             The game lasted 00:14:19 (4271 turns).

HaroldButt the Carver (Formicid Fighter)            Turns: 4271, Time: 00:14:19

Health: -5/58      AC: 10    Str: 20    XL:     8   Next: 13%
Magic:  8/8        EV:  5    Int: 11    God:
Gold:   267        SH:  9    Dex: 10    Spells: 0 memorised, 7 levels left

rFire  . . .     SeeInvis +     a - +0 long sword
rCold  . . .     Clarity  .     F - +0 chain mail
rNeg   . . .     SustAt   .     c - +0 shield
rPois  .         Gourm    .     (helmet unavailable)
rElec  .         Spirit   .     k - +0 cloak
rCorr  .         Warding  .     (no gloves)
rMut   .         Stasis   +     (no boots)
MR     .....                    (no amulet)
Stlth  ..........               (no ring)
                                (no ring)

@: drained, not resistant to hostile enchantments, extremely unstealthy
A: permanent stasis, dig shafts and tunnels, four strong arms, antennae 3
a: Dig, Shaft Self


You were on level 3 of the Dungeon.
You were not hungry.

You visited 1 branch of the dungeon, and saw 4 of its levels.
You also visited: Ossuary.

You collected 267 gold pieces.

Inventory:

Hand Weapons
 a - a +0 long sword (weapon)
Missiles
 f - 93 stones (quivered)
 t - 4 javelins
Armour
 c - a +0 shield (worn)
 k - a +0 cloak (worn)
 F - a +0 chain mail (worn)
Wands
 y - a wand of paralysis (13)
Scrolls
 g - a scroll of fear {unknown}
 j - a scroll of enchant armour {unknown}
 o - a scroll of immolation {unknown}
 p - 3 scrolls of remove curse {unknown}
 s - a scroll of teleportation {unknown}
 v - 2 scrolls of blinking {unknown}
 w - a scroll of amnesia {unknown}
 B - a scroll of enchant weapon {unknown}
 C - 2 scrolls of identify {unknown}
 E - a scroll of random uselessness {unknown}
Potions
 d - a potion of might
 h - 2 potions of degeneration {unknown}
 i - a potion of lignification {unknown}
 q - 3 potions of invisibility {unknown}
 r - 4 potions of curing {unknown}
 u - 3 potions of heal wounds {unknown}
 x - a potion of berserk rage {unknown}
 z - a potion of magic {unknown}
Comestibles
 b - a beef jerky
 e - 4 bread rations
 l - 2 meat rations
 m - a slice of pizza
 n - a royal jelly
 A - 16 fruits
 D - a chunk of flesh


   Skills:
 - Level 3.2(3.1) Fighting
 + Level 8.8(8.6) Long Blades
 - Level 3.2(3.1) Armour
 - Level 3.6(3.5) Shields


You had 7 spell levels left.
You didn't know any spells.

Dungeon Overview and Level Annotations

Branches:
Dungeon (4/15)
 Temple: D:4-7

Altars:
Makhleb
Ru

Shops:
D:4 }


Innate Abilities, Weirdness & Mutations

You are under a permanent stasis effect.
You can dig through walls and to a lower floor.
Your four strong arms can wield two-handed weapons with a shield.
You have a pair of large antennae on your head (SInv).


Message History

You hit the orc priest but do no damage.
The orc priest is heavily wounded.
The orc priest mumbles some strange prayers to Beogh against you.
Something smites you!
* * * LOW HITPOINT WARNING * * *
Your shield and chain mail prevent you from hitting the orc priest.
The orc priest is heavily wounded.
The orc priest mumbles some strange prayers to Beogh against you.
You struggle to resist.
You barely miss the orc priest.
The orc priest is heavily wounded.
You block the orc priest's attack.
You hit the orc priest but do no damage.
The orc priest is heavily wounded.
The orc priest hits you but does no damage.
You hit the orc priest.
The orc priest is severely wounded.
The orc priest calls down the wrath of Beogh upon you.
Something smites you!
You die...

#### ### ..# ....
######### #####.###.....
........###∩#.#.....o.o.
......###.._..#.........
.......##....##.###.....
.............##.# ###
#...##.......##o####
.......†.......)@..#
.####............#.......
## #............########
#####............#
.................#
#####......).....##
###...####............
......# #..###.###..
....### #..#.....#.#


You could see an orc priest.

Vanquished Creatures
  3 elf zombies (Ossuary)
  2 centaur zombies (Ossuary)
  2 orc priests (D:3)
  A hound (D:3)
  A human zombie (Ossuary)
  5 orc wizards
  A hound zombie (Ossuary)
  4 mummies
  6 adders
  An adder zombie (Ossuary)
  2 worms
  3 giant geckos
  14 orcs
  A gnoll zombie (Ossuary)
  8 hobgoblins
  11 jackals
  13 bats
  3 giant cockroaches
  2 giant newts
  8 goblins
  4 goblin zombies (Ossuary)
  5 hobgoblin zombies
  6 jackal zombies (Ossuary)
  13 kobolds
  2 kobold zombies (Ossuary)
  2 orc zombies
  3 quokkas
  3 quokka zombies (Ossuary)
  9 rats
  2 rat zombies (Ossuary)
140 creatures vanquished.

Notes
Turn   | Place    | Note
--------------------------------------------------------------
     0 | D:1      | HaroldButt the Formicid Fighter began the quest for the Orb.
     0 | D:1      | Reached XP level 1. HP: 18/18 MP: 1/1
   151 | D:1      | Reached XP level 2. HP: 20/24 MP: 2/2
   492 | D:1      | Reached XP level 3. HP: 27/29 MP: 3/3
  1374 | D:2      | Reached XP level 4. HP: 35/35 MP: 4/4
  1401 | D:2      | Reached skill level 4 in Long Blades
  1684 | D:3      | You fall through a shaft!
  1933 | D:4      | Found a sand-covered staircase.
  1943 | Ossuary  | Entered an ossuary
  2099 | Ossuary  | Reached skill level 5 in Long Blades
  2099 | Ossuary  | Reached XP level 5. HP: 24/41 MP: 5/5
  2165 | Ossuary  | Reached skill level 6 in Long Blades
  2165 | Ossuary  | Reached XP level 6. HP: 33/47 MP: 6/6
  2468 | Ossuary  | Reached skill level 7 in Long Blades
  2468 | Ossuary  | Reached XP level 7. HP: 39/52 MP: 7/7
  3344 | D:4      | Found Zang's Gadget Shop.
  3806 | D:3      | Reached skill level 8 in Long Blades
  4137 | D:3      | Found a sacrificial altar of Ru.
  4162 | D:3      | Reached XP level 8. HP: 56/58 MP: 8/8
  4200 | D:3      | Found a burning altar of Makhleb.
  4271 | D:3      | Killed from afar by an orc priest

Vault maps used:
D:1:      saegor_arrival_simple_b, minmay_misc_feat_encased
D:3:      nicolae_ru_great_annihilating_truth, st_stairs_3,
          makhleb_heckhound_becter
D:4:      nicolae_ossuary_entry_giza, first_bread, serial_shops,
          nicolae_shop_stone, dk_vineyard_2
Ossuary:  minmay_ossuary_two_tombs

Action                   |  1- 3 |  4- 6 |  7- 9 || total
-------------------------+-------+-------+-------++-------
Melee: Long sword        |   176 |   267 |   234 ||   677
 Abil: Shaft Self        |       |     1 |       ||     1
       Dig               |       |     3 |       ||     3
 Stab: Paralysed         |       |       |     1 ||     1
  Eat: Chunk             |     2 |     3 |     4 ||     9
       Fruit             |       |     4 |       ||     4
